 Dungeon Crawl Stone Soup version 0.28-a0-1344-g6b9ff3a05d (webtiles) character file.

Game seed: 16063390369756136404

148 Deminshera the Chopper (level 5, 0/47 HPs)
             Began as a Hill Orc Abyssal Knight on Dec 29, 2021.
             Was a Believer of Lugonu.
             Succumbed to a goblin's poison
             ... on level 3 of the Dungeon.
             The game lasted 00:03:50 (4194 turns).

Deminshera the Chopper (Hill Orc Abyssal Knight)    Turns: 4194, Time: 00:03:51

Health: 0/47       AC:  8    Str: 18    XL:     5   Next: 30%
Magic:  1/8        EV:  7    Int: 10    God:    Lugonu [**....]
Gold:   92         SH:  0    Dex: 11    Spells: 4/4 levels left

rFire   . . .      SeeInvis .   a - +1 hand axe
rCold   . . .      Faith    .   (no shield)
rNeg    . . .      Spirit   .   j - +0 chain mail
rPois   .          Reflect  .   (no helmet)
rElec   .          Harm     .   (no cloak)
rCorr   .          Rampage  .   (no gloves)
Will    .....                   (no boots)
Stlth   ..........              (no amulet)
HPRegen 0.15/turn               (no ring)
MPRegen 0.11/turn               (no ring)

@: brilliant, lethally poisoned (0 -> -1)
A: no striking features
a: Renounce Religion, Depart the Abyss, Bend Space


You were on level 3 of the Dungeon.
You worshipped Lugonu.
Lugonu was pleased with you.
You visited 1 branch of the dungeon, and saw 3 of its levels.
You visited the Abyss 1 time.

You collected 92 gold pieces.

Inventory:

Hand Weapons
 a - a +1 hand axe (weapon)
Missiles
 h - 6 boomerangs (quivered)
Armour
 j - a +0 chain mail (worn)
Jewellery
 k - a ring of magical power
Wands
 i - a wand of paralysis (8)
Scrolls
 c - a scroll of acquirement {unknown}
 e - a scroll of fog {unknown}
 g - a scroll of silence {unknown}
 l - 2 scrolls of summoning {unknown}
 m - a scroll of blinking {unknown}
Potions
 f - a potion of resistance


   Skills:
 + Level 4.7 Fighting
 * Level 5.3 Axes
 - Level 2.1 Armour
 - Level 0.7 Dodging
 + Level 4.0 Invocations


You had 4 spell levels left.
You didn't know any spells.
Your spell library was empty.

Dungeon Overview and Level Annotations

Branches:
Dungeon (3/15)

Altars:
The Shining One

Shops:
D:3 (

Annotations:
D:3 Robin


Message History

The quokka barely misses you. The gnoll hits you but does no damage.
It was a potion of heal wounds.
You feel much better. The gnoll hits you but does no damage.
The quokka barely misses you. The gnoll misses you. Space bends around you!
You blink.
The gnoll hits you from afar with a +0 halberd!
The gnoll hits you with a +0 flail. Space bends around you!
You blink.
A goblin comes into view. It is wielding a +2 dagger of venom.
The quokka completely misses you. The goblin hits you but does no damage.
The gnoll closely misses you. Space bends around you!
You blink. 2 goblins come into view.
The goblin shouts!
The goblin hits you but does no damage. x2; Robin barely misses you.
The hobgoblin shouts!
Robin throws the goblin at you!
Robin roars a battlecry!
The goblins go into a battle-frenzy!
The goblin hits you but does no damage.
You are poisoned.
Space bends around you!
You blink.
* * * LOW HITPOINT WARNING * * *
You feel very sick. The gnoll barely misses you.
* * * LOW HITPOINT WARNING * * *
You feel sick. The gnoll closely misses you.
* * * LOW HITPOINT WARNING * * *
You feel sick.
* * * LOW HITPOINT WARNING * * *
You feel sick.
* * * LOW HITPOINT WARNING * * *
You feel sick.
* * * LOW HITPOINT WARNING * * *
You feel sick. Robin throws the goblin at you!
You closely miss the goblin.
* * * LOW HITPOINT WARNING * * *
You feel sick. The goblin hits you but does no damage.
The gnoll closely misses you. Robin throws the goblin at you!
You die...

....# ##..######. ....##...⌠
###.. ....# #.#.###.#8. ##...(
...#.###.#.⌠ ##..# #.......#8.
#### ### ########... ###.####
##### #... ##
#####.#....###.#.### ##.#
#.##..................## #..
####.g...g.g..g.@g...)....###
###
#...gg...##gg.gr.g..#†......###
#
#.....#######8...8######......#
# ..g...# ###.### ##.....###
....### #...# #......## ..##
#._.# ####(.... #. #...# #.####
# ##### ### # .


You could see Robin, 3 gnolls, a quokka and 4 goblins.

Vanquished Creatures
  4 gnolls
  5 adders
  A worm (D:2)
  3 dart slugs
  5 bats
  3 endoplasms
  A giant cockroach (D:3)
  7 goblins
  7 hobgoblins
  2 jackals (D:2)
  4 ball pythons
  4 frilled lizards
  6 kobolds
  6 rats
58 creatures vanquished.

Notes
Turn   | Place    | Note
-------+----------+-------------------------------------------
     0 | Abyss:1  | Deminshera the Hill Orc Abyssal Knight began the quest for
                  | the Orb.
     0 | Abyss:1  | Reached XP level 1. HP: 19/19 MP: 2/2
    31 | D:1      | Escaped the Abyss
   107 | D:1      | Reached skill level 3 in Axes
   341 | D:1      | Reached XP level 2. HP: 26/27 MP: 4/4
   405 | D:1      | Found a faded altar of an unknown god.
   737 | D:1      | Reached ** piety under Lugonu
  1215 | D:2      | Reached XP level 3. HP: 23/33 MP: 5/5
  1658 | D:2      | Reached skill level 4 in Axes
  2235 | D:2      | Reached XP level 4. HP: 21/40 MP: 6/6
  3499 | D:2      | Reached skill level 5 in Axes
  3509 | D:3      | Reached XP level 5. HP: 9/47 MP: 7/7
  3900 | D:3      | Noticed Robin
  4029 | D:3      | Found Huos's Antique Weapon Shop.
  4171 | D:3      | Found a glowing golden altar of the Shining One.
  4192 | D:3      | HP: 2/47 [poisoned by a goblin]
  4194 | D:3      | Succumbed to a goblin's poison

Illustrated notes

Levels and vault maps discovered:
D:1:      minmay_arrival_four_houses, layout_basic,
          chequers_ecumenical_altar_simple_redux
D:2:      layout_basic
D:3:      layout_loops_ring, nicolae_tso_carved_into_rock, serial_shops,
          nicolae_shop_temple_entry_statues_fountains, roderic_batcave,
          uniq_robin

Skill      XL: |  1  2  3  4  5 |
---------------+----------------+-----
Axes           | 3 4 5 |  5.3
Invocations    | 3 4 |  4.0
Fighting       | 4 |  4.7
Armour         | |  2.1
Dodging        | |  0.7

Action                   |  1- 3 |  4- 6 || total
-------------------------+-------+-------++-------
Melee: Hand axe          |   118 |    84 ||   202
Throw: Boomerang         |     2 |       ||     2
Invok: Bend Space        |       |     8 ||     8
  Use: Scroll            |       |     2 ||     2
       Potion            |       |     2 ||     2
Armor: Leather armour    |     7 |       ||     7
       Ring mail         |    12 |       ||    12
       Chain mail        |    25 |    76 ||   101
Dodge: Dodged            |    66 |    52 ||   118

Table legend: (Time is in decaauts)
 A = Elapsed time spent in this place.
 B = Non-inter-level travel time spent in this place.
 C = Inter-level travel time spent in this place.
 D = Time resting spent in this place.
 E = Time spent auto-exploring this place.
 F = Levels seen in this place.
 G = Mean time per level.
                   A        B        C        D        E       F      G
               +--------+--------+--------+--------+--------+-----+--------+
         Total |   4216 |   4144 |     72 |   2097 |   1487 |   4 | 1054.0 |
       Dungeon |   4185 |   4113 |     72 |   2097 |   1487 |   3 | 1395.0 |
         Abyss |     31 |     31 |      0 |      0 |      0 |   1 |   31.0 |
               +--------+--------+--------+--------+--------+-----+--------+

Top non-repeatable levels by time:
     D:2: 2127 daAuts
     D:1: 1174 daAuts
     D:3: 883 daAuts
 Abyss:1: 31 daAuts
